Map: Ulrena

Players

TITANICO - Winner!

  • Race: Zerg Zerg
  • League: Silver

SticklerMac

  • Race: Zerg Zerg
  • League: Platinum

VOD

Have the link to the VOD?

Description

Time

  • Played on: Nov. 14, 2015, 7:33 p.m.
  • Length: 4:05
Show
View Real Time Build Order
Export as new Build Order

TITANICO Zerg - Winner!

Build Orders: Pool Only 

Get SALT Encoding   

  12  0:01  Drone  
  13  0:08  Drone  
  14  0:19  Drone, Extractor  
  15  0:31  Spawning Pool  
  14  0:38  Overlord  
  14  0:47  Drone, Extractor  
  15  1:14  Extractor  
  15  1:18  Zergling x6  
  17  1:19  Queen  
  19  1:29  Zergling x2  
  20  1:38  Roach Warren  
  19  1:40  Zergling x2  
  20  1:50  Zergling x2  
  22  2:01  Zergling x2  
  22  2:12  Zergling x2  
  20  2:23  Zergling x2  
  21  2:33  Zergling x2  
  22  2:46  Overlord  
  21  3:06  Zergling x8  
  25  3:27  Zergling x4  
  23  3:41  Roach  
Show
View Real Time Build Order
Export as new Build Order

SticklerMac Zerg 

Build Orders:  

Get SALT Encoding   

  12  0:00  Drone  
  13  0:08  Drone  
  14  0:17  Overlord  
  14  0:35  Drone x3  
  17  0:54  Hatchery  
  17  0:56  Drone  
  17  1:02  Drone  
  18  1:11  Drone  
  19  1:20  Drone  
  20  1:29  Hatchery  
  20  1:32  Drone  
  20  1:42  Overlord  
  20  1:51  Drone  
  21  2:02  Hatchery  
  21  2:08  Drone x2  
  19  2:19  Drone  
  20  2:25  Drone  
  20  2:26  Drone  
  20  2:29  Drone  
  23  2:33  Drone  
  24  2:40  Drone  
  24  2:44  Drone  
  26  2:48  Drone  
  26  2:49  Drone  
  28  2:51  Drone  
  29  3:04  Overlord x2  
  28  3:26  Drone x5  
Tags
 
Add a new tag
Caveats
  • Supply blocks, unpowered buildings, or Contaminate may cause inaccurate times.
  • Supply counts are checked every 10 seconds.